 Dungeon Crawl Stone Soup version 0.18-a0-1639-g7533f42 (webtiles) character file.

41883 namelastname112 the Black Belt (level 13, -16/119 HPs)
             Began as a White Draconian Monk on Mar 27, 2016.
             Was a Believer of Ru.
             Demolished by a spriggan berserker
             ... wielding a +0 antimagic hand axe
              (26 damage)
             ... on level 15 of the Dungeon.
             The game lasted 00:32:18 (18872 turns).

namelastname112 the Black Belt (DrMo)              Turns: 18872, Time: 00:32:19

Health: -16/119    AC: 17    Str: 22 (23) XL:     13   Next: 82%
Magic:  0/25       EV: 20    Int:  7 (10) God:    Ru [**....]
Gold:   952        SH:  7    Dex: 17 (20) Spells: 2 memorised, 27 levels left

rFire  . . .     SeeInvis .       - Unarmed
rCold  + . .     Gourm    .     (armour unavailable)
rNeg   . . .     Faith    +     D - +2 buckler {AC+3}
rPois  .         Spirit   .     (helmet restricted)
rElec  +         Dismiss  .     x - +0 cloak
rCorr  .         Reflect  .     y - +2 pair of gloves
SustAt .         Harm     .     z - +1 pair of boots
MR     +....     Rnd*Rage +     q - amulet of faith
Stlth  ..........               C - ring of protection from magic
                                j - +6 ring of strength

@: very slightly contaminated, somewhat resistant to hostile enchantments,
extremely unstealthy
A: breathe frost, unfitting armour, horns 2, talons 2, berserk 2, blink, cold
resistance 1, deterioration 2, electricity resistance, strong 2, cold-blooded,
no stealth, hated by all, AC +8
a: Breathe Frost, Blink, Renounce Religion


You were on level 15 of the Dungeon.
You worshipped Ru.
Ru was pleased with you.
You were not hungry.

You visited 3 branches of the dungeon, and saw 17 of its levels.

You collected 952 gold pieces.

Inventory:

Hand Weapons
 w - a +0 blowgun
Missiles
 v - 2 curare-tipped needles
 H - 4 throwing nets (quivered)
Armour
 x - a +0 cloak (worn)
 y - a +2 pair of gloves (worn)
 z - a +1 pair of boots (worn)
 D - a +2 buckler of protection (worn)
Magical Staves
 n - an uncursed staff of energy
Jewellery
 j - a +6 ring of strength (left hand)
 q - an amulet of faith (around neck)
 C - a ring of protection from magic (right hand)
 J - an uncursed ring of ice
Wands
 I - a wand of slowing (35/48)
 L - a wand of paralysis (10/24)
 M - a wand of slowing (6/48)
Scrolls
 b - 3 scrolls of immolation
 c - 4 scrolls of amnesia
 i - a scroll of teleportation
 l - 2 scrolls of recharging
 m - 4 scrolls of identify
 r - 8 scrolls of remove curse
 s - 2 scrolls of enchant armour
 G - a scroll of torment {unknown}
 N - a scroll of brand weapon
 O - a scroll of fear
Potions
 e - 2 potions of haste
 f - a potion of magic
 g - 3 potions of agility
 h - 3 potions of curing
 o - a potion of flight
 p - a potion of might {unknown}
 A - a potion of resistance {unknown}
 E - 4 potions of cure mutation {unknown}
 F - 3 potions of brilliance {unknown}
 K - a potion of berserk rage
Books
 u - a book of Party Tricks

   Spells                             Type                      Level
   a - Summon Butterflies             Summoning                    1
   b - Apportation                    Translocation                1
   c - Tukima's Dance                 Hexes                        3
   d - Alistair's Intoxication        Transmutation/Poison         5
   e - Invisibility                   Hexes                        6
Comestibles
 a - 14 bread rations
 d - 4 beef jerkies
 k - a chunk of flesh
 t - 6 royal jellies


   Skills:
 + Level 12.6 Fighting
 + Level 10.7 Dodging
 - Level 4.1 Shields
 + Level 15.1 Unarmed Combat
 + Level 8.6 Spellcasting


You had 27 spell levels left.
You knew the following spells:

 Your Spells              Type           Power        Failure   Level  Hunger
a - Apportation           Tloc           #.........   21%         1    None
b - Summon Butterflies    Summ           #.......     21%         1    None


Dungeon Overview and Level Annotations

Branches:
Dungeon (15/15)            Temple (1/1) D:6            Lair (0/8) D:10
    Orc (0/2) D:11         Vaults (0/5) D:14         Depths (1/5) D:15

Altars:
Ashenzari
Cheibriados
Dithmenos
Elyvilon
Fedhas
Gozag
Kikubaaqudgha
Makhleb
Nemelex Xobeh
Okawaru
Pakellas
Qazlal
Ru
Sif Muna
Trog
Vehumet
Xom
Yredelemnul
Zin
The Shining One

Shops:
D:5 :   D:10 (

Portals:
Abyss: Depths:1

Annotations:
D:5 dohliylev's ghost, novice OgBe


Innate Abilities, Weirdness & Mutations

You can breathe waves of freezing cold.
You can buffet flying creatures when you breathe cold.
Your icy white scales are hard (AC +8).
Your body does not fit into most forms of armour.
Your flesh is cold resistant.
You are cold-blooded and may be slowed by cold attacks.
You cannot be stealthy.
You are hated by all.
You have a pair of horns on your head.
You have razor-sharp toenails.
You often lose your temper in combat.
You can translocate small distances at will.
Your body often deteriorates upon taking damage.
You are resistant to electric shocks.
Your muscles are very strong. (Str +4)


Message History

You hit the spriggan berserker but do no damage.
The spriggan berserker hits you with an antimagic hand axe!!
* * * LOW HITPOINT WARNING * * *
Drink which item? (? for menu, Esc to quit)
Okay, then.
Read which item? (? for menu, Esc to quit)
Okay, then.
Drink which item? (? for menu, Esc to quit)
You feel better. The spriggan berserker misses you.
The spriggan berserker is stunned by your will and fails to attack.
Drink which item? (? for menu, Esc to quit)
You feel better.
You block the spriggan berserker's attack.
Drink which item? (? for menu, Esc to quit)
You feel better.
The spriggan berserker hits you with an antimagic hand axe!
* * * LOW HITPOINT WARNING * * *
You feel your power leaking away.
The spriggan berserker hits you with an antimagic hand axe!!
You die...

....##.######.....# #.....#
...###.#....##########.####
.....#(#..≈...≈.#..##..#
............#......#..##
##.......#.####.####..#
#........#..#...# #...#
#....)...#≈.#[≈.# #...#
.........#.....i###...#
.........##.####@##...#
......#..#..# ####...#
..##.##.##..#######..##
.....##..####.......##
...#.###...##.#######
.#......##.....#
.....#.........#
.###.##........####
..##...#.#........#####


You could see a spriggan berserker (berserk).

Vanquished Creatures
  An ettin (D:10)
  A hydra (D:13)
  A catoblepas (D:13)
  Fannar (D:10)
  5 centaur warriors
  Nergalle (D:10)
  4 skeletal warriors
  2 wizards
  2 necromancers (D:14)
  6 hill giants
  2 deep elf magi
  A wolf spider (D:15)
  10 ugly things
  2 manticores (D:15)
  2 griffons
  An octopode (shapeshifter) (D:15)
  4 cyclopes
  2 gargoyles (D:15)
  6 centaur skeletons
  2 kobold demonologists (D:11)
  A komodo dragon (D:15)
  A yaktaur (D:13)
  A harpy zombie (D:15)
  A queen bee (shapeshifter) (D:14)
  6 trolls
  A queen bee (D:9)
  A two-headed ogre (D:14)
  Prince Ribbit (D:5)
  10 slime creatures
  A boulder beetle (D:13)
  4 water elementals (D:14)
  5 shadows
  11 yaks
  A wraith (D:11)
  2 hippogriffs
  2 hungry ghosts
  4 vampire mosquitoes (D:12)
  2 basilisks
  A steam dragon (D:14)
  A soldier ant (D:10)
  An ice beast (D:5)
  3 sky beasts
  4 orc warriors
  A wasp (D:8)
  3 black bears
  An eye of draining (D:13)
  A phantom (D:12)
  4 centaurs
  6 ogres
  A crocodile (D:10)
  3 big kobolds
  11 giant frogs
  A gnoll sergeant (D:12)
  A wyvern skeleton (D:13)
  A water moccasin skeleton (D:9)
  4 scorpions
  33 killer bees
  3 howler monkeys
  8 wights
  3 vampire bats (D:6)
  5 crimson imps
  5 jellies
  4 orc priests
  A giant frog skeleton (D:4)
  4 hounds
  10 orc wizards
  Jessica (D:3)
  An iguana (D:6)
  14 worker ants
  A hound zombie (D:8)
  A hound skeleton (D:11)
  A worker ant zombie (D:11)
  A howler monkey skeleton (D:5)
  9 gnolls
  13 adders
  3 shadow imps
  An adder skeleton (D:7)
  A worm (D:2)
  3 dart slugs (D:1)
  3 giant geckos
  45 orcs
  5 bats
  3 bat skeletons (D:6)
  2 bat zombies (D:6)
  3 giant cockroaches
  7 goblins
  14 hobgoblins
  20 jackals
  20 kobolds
  5 quokkas
  8 giant newts
  10 rats
430 creatures vanquished.

Vanquished Creatures (others)
  A troll (D:12)
  A centaur (D:10)
  A worker ant (D:13)
  A giant gecko (D:4)
  A quokka (D:5)
  A giant newt (D:4)
  4 plants (D:10)
10 creatures vanquished.

Grand Total: 440 creatures vanquished

Notes
Turn   | Place    | Note
--------------------------------------------------------------
     0 | D:1      | namelastname112 the Draconian Monk began the quest for the Orb.
     0 | D:1      | Reached XP level 1. HP: 19/19 MP: 1/1
   334 | D:1      | Reached XP level 2. HP: 8/26 MP: 2/2
   560 | D:1      | Reached skill level 5 in Unarmed Combat
   746 | D:1      | Reached XP level 3. HP: 31/31 MP: 3/3
   806 | D:1      | crauler: серый или фиолетовый были бы лучшим вариантом наверное
   831 | D:1      | namelastname112: серый, красный, белый
   831 | D:1      | namelastname112: такое
  1272 | D:2      | crauler: красный больше в начале поможет, ну или для драконоформы
  1323 | D:2      | namelastname112: ну
  1323 | D:2      | namelastname112: рф+ всегда хорошо
  1475 | D:2      | Reached XP level 4. HP: 23/38 MP: 4/4
  1787 | D:2      | Found a stormy altar of Qazlal.
  1787 | D:2      | Found a white marble altar of Elyvilon.
  2029 | D:2      | Reached skill level 6 in Unarmed Combat
  2190 | D:3      | Noticed Jessica
  2194 | D:3      | Killed Jessica
  2194 | D:3      | Reached XP level 5. HP: 45/45 MP: 5/5
  2811 | D:4      | Reached skill level 7 in Unarmed Combat
  3118 | D:4      | Found a shimmering altar of Xom.
  3120 | D:4      | Noticed an ogre
  3136 | D:4      | Killed an ogre
  3136 | D:4      | Reached XP level 6. HP: 51/51 MP: 6/6
  3345 | D:4      | Gained mutation: Your body sometimes deteriorates upon taking damage. [potion of mutation]
  3345 | D:4      | Gained mutation: Your muscles are strong. (Str +2) [potion of mutation]
  3345 | D:4      | Gained mutation: You tend to lose your temper in combat. [potion of mutation]
  3348 | D:4      | Reached skill level 8 in Unarmed Combat
  3576 | D:4      | Your scales start taking on an icy white colour.
  3576 | D:4      | Reached XP level 7. HP: 22/57 MP: 7/7
  3576 | D:4      | Gained mutation: Your flesh is cold resistant. [White Draconian growth]
  4215 | D:4      | Reached skill level 9 in Unarmed Combat
  4681 | D:5      | Entered Level 5 of the Dungeon
  4880 | D:5      | Found a white marble altar of Elyvilon.
  4936 | D:5      | Noticed dohliylev's ghost (novice OgBe)
  4970 | D:5      | Found Watoe's Book Shoppe.
  4989 | D:5      | Noticed Prince Ribbit
  4996 | D:5      | Reached skill level 10 in Unarmed Combat
  5008 | D:5      | Reached XP level 8. HP: 12/63 MP: 8/8
  5375 | D:5      | Killed Prince Ribbit
  5583 | D:5      | Found an oddly glowing altar of Pakellas.
  5603 | D:5      | Learned a level 1 spell: Apportation
  5605 | D:5      | Learned a level 1 spell: Summon Butterflies
  5823 | D:5      | Reached skill level 11 in Unarmed Combat
  6045 | D:6      | Found a radiant altar of Vehumet.
  6395 | D:6      | Found an ancient bone altar of Kikubaaqudgha.
  6412 | D:6      | namelastname112: хороший волт
  6412 | D:6      | namelastname112: эффектный
  6484 | D:6      | Found a deep blue altar of Sif Muna.
  6521 | D:6      | Found a shadowy altar of Dithmenos.
  6521 | D:6      | Found a sparkling altar of Nemelex Xobeh.
  7106 | D:6      | Found a staircase to the Ecumenical Temple.
  7113 | Temple   | Entered the Ecumenical Temple
  7119 | Temple   | Became a worshipper of Ru the Awakened
  7194 | D:7      | Found an iron altar of Okawaru.
  7303 | D:7      | Found a deep blue altar of Sif Muna.
  7590 | D:7      | Reached XP level 9. HP: 71/71 MP: 9/9
  8240 | D:8      | Identified a scroll of acquirement
  8263 | D:9      | Found an opulent altar of Gozag.
  8309 | D:9      | Reached skill level 1 in Shields
  8475 | D:9      | Found a glowing silver altar of Zin.
  8574 | D:9      | Reached skill level 5 in Fighting
  8609 | D:9      | Reached skill level 12 in Unarmed Combat
  8632 | D:9      | HP: 3/74 [poisoned by a killer bee]
  8639 | D:9      | HP: 3/74 [poisoned by a killer bee]
  8647 | D:9      | HP: 3/74 [poisoned by a killer bee]
  9291 | D:9      | Found a snail-covered altar of Cheibriados.
  9359 | D:9      | Gained mutation: You are hated by all. [Ru sacrifice]
  9359 | D:9      | Reached * piety under Ru
  9426 | D:9      | Noticed a queen bee
  9436 | D:9      | Killed a queen bee
  9436 | D:9      | Reached skill level 5 in Dodging
  9666 | D:10     | Entered Level 10 of the Dungeon
  9680 | D:10     | Noticed Fannar
  9708 | D:10     | Killed Fannar
  9708 | D:10     | Reached XP level 10. HP: 45/84 MP: 10/10
  9877 | D:10     | Found a staircase to the Lair.
  9957 | D:10     | Noticed a hill giant
  9969 | D:10     | Killed a hill giant
 10072 | D:10     | Noticed a hill giant
 10078 | D:10     | Noticed Nergalle
 10085 | D:10     | Killed a hill giant
 10093 | D:10     | Killed Nergalle
 10245 | D:10     | Found Unadente's Antique Weapon Shop.
 10416 | D:10     | Reached skill level 1 in Spellcasting
 10431 | D:10     | Noticed a hill giant
 10437 | D:10     | Killed a hill giant
 10437 | D:10     | Reached skill level 13 in Unarmed Combat
 10815 | D:10     | Noticed an ettin
 11287 | D:10     | Reached XP level 11. HP: 93/95 MP: 14/14
 11311 | D:10     | Killed an ettin
 11963 | D:11     | Noticed a green ugly thing
 11973 | D:11     | Killed a green ugly thing
 11985 | D:11     | Found a staircase to the Orcish Mines.
 12861 | D:12     | Noticed a hill giant
 12870 | D:12     | Killed a hill giant
 12945 | D:12     | Noticed a deep elf mage
 12959 | D:12     | Killed a deep elf mage
 13102 | D:12     | Reached skill level 10 in Fighting
 13180 | D:12     | Reached XP level 12. HP: 106/106 MP: 19/19
 13351 | D:12     | Reached skill level 5 in Spellcasting
 13770 | D:12     | Found a sacrificial altar of Ru.
 13875 | D:13     | Noticed a centaur warrior
 13889 | D:13     | Killed a centaur warrior
 14040 | D:13     | Noticed a catoblepas
 14040 | D:13     | Reached skill level 14 in Unarmed Combat
 14043 | D:13     | Noticed a centaur warrior
 14055 | D:13     | Noticed a seven-headed hydra
 14063 | D:13     | Killed a seven-headed hydra
 14409 | D:13     | Noticed a centaur warrior
 14426 | D:13     | Killed a centaur warrior
 14613 | D:13     | Gained mutation: You have a pair of small horns on your head. [mutagenic meat]
 14614 | D:13     | Gained mutation: Your body often deteriorates upon taking damage. [mutagenic meat]
 15236 | D:13     | Killed a catoblepas
 15250 | D:13     | Killed a centaur warrior
 15669 | D:13     | Noticed a centaur warrior
 15679 | D:13     | Killed a centaur warrior
 15740 | D:13     | Gained mutation: You cannot be stealthy. [Ru sacrifice]
 15740 | D:13     | Reached ** piety under Ru
 15784 | D:13     | Gained mutation: You have sharp toenails. [mutagenic meat]
 15785 | D:13     | Gained mutation: You have razor-sharp toenails. [mutagenic meat]
 15786 | D:13     | Lost mutation: Your body often deteriorates upon taking damage. [mutagenic meat]
 15787 | D:13     | Gained mutation: You are resistant to electric shocks. [mutagenic meat]
 15894 | D:14     | Noticed a centaur warrior
 15906 | D:14     | Killed a centaur warrior
 15979 | D:14     | Reached XP level 13. HP: 85/116 MP: 23/23
 15992 | D:13     | Gained mutation: You have a pair of horns on your head. [mutagenic meat]
 15993 | D:13     | Gained mutation: Your magical capacity is low (-10% MP). [mutagenic meat]
 16102 | D:14     | Gained mutation: Your body often deteriorates upon taking damage. [mutagenic meat]
 16103 | D:14     | Gained mutation: You often lose your temper in combat. [mutagenic meat]
 16104 | D:14     | Lost mutation: Your magical capacity is low (-10% MP). [mutagenic meat]
 16105 | D:14     | Gained mutation: You can translocate small distances at will. [mutagenic meat]
 16848 | D:14     | Reached skill level 10 in Dodging
 17275 | D:14     | Found a gate to the Vaults.
 17466 | D:15     | Entered Level 15 of the Dungeon
 17731 | D:15     | Found a staircase to the Depths.
 17916 | D:15     | Gained mutation: Your muscles are very strong. (Str +4) [mutagenic meat]
 17948 | D:15     | Reached skill level 15 in Unarmed Combat
 17984 | D:15     | Found a blossoming altar of Fedhas.
 18706 | Depths:1 | Entered Level 1 of the Depths
 18801 | Depths:1 | Found a one-way gate to the infinite horrors of the Abyss.
 18849 | Depths:1 | Paralysed by a great orb of eyes for 7 turns
 18853 | Depths:1 | Noticed a tentacled monstrosity
 18853 | Depths:1 | Noticed a vampire knight
 18861 | Depths:1 | Noticed a frost giant
 18869 | D:15     | HP: 2/119 [spriggan berserker/antimagic hand axe (31)]
 18872 | D:15     | Demolished by a spriggan berserker

Vault maps used:
D:1:      co_arrival_square_in_a_square_in_a_square
D:2:      gammafunk_temple_overflow_wave
D:3:      uniq_jessica
D:4:      xom_confusion_cloud, first_bread
D:5:      old_standard_altar, serial_shops, nicolae_shop_behind_doors,
          elyvilon_altar_4, uniq_prince_ribbit1
D:6:      kennysheep_vampire_church, nicolae_overflow_crystal_walls,
          amethyst_overflow_temple_binary, minmay_temple_entry_from_below_a,
          tgw_sif
D:7:      kennysheep_okawaru_gauntlet, basic_altar
D:9:      cheibriados_altar_wand_db, nicolae_gozag_seed_capital,
          overflow_temple_1_default, david_nohive_1
D:10:     dpeg_oklobed_lair, serial_shops,
          nicolae_shop_temple_entry_statues_fountains, serial_curves,
          eino_curves_03, eino_curves_04, eino_curves_03, evilmike_minifort,
          uniq_nergalle, uniq_fannar
D:11:     orc_0_dummy
D:12:     nicolae_ru_the_path_less_chosen
D:13:     minmay_triangles_in_corner
D:14:     david_vaults_1, minivault_25, nicolae_underground_beach
D:15:     hangedman_depths_entry_try_elsewhere_first, fedhas_altar_1,
          grunt_ministairs_8, st_stairs_9
Temple:   temple_eino_lava_8
Depths:1: minmay_crescents, hell_entry, abyss_entry, kennysheep_small_square

Skill      XL: |  1  2  3  4  5  6  7  8  9 10 11 12 13 |
---------------+----------------------------------------+-----
Unarmed Combat | 5 6 7 8 10 11 12 13 14 15 | 15.1
Dodging        | 3 5 7 8 9 10 | 10.7
Fighting       | 4 6 8 10 11 12 | 12.6
Shields        | 4 |  4.1
Spellcasting   | 2 4 7 8 |  8.6
Stealth        | 0 |  0.0

Action                   |  1- 3 |  4- 6 |  7- 9 | 10-12 | 13-15 || total
-------------------------+-------+-------+-------+-------+-------++-------
Melee: Unarmed           |   138 |   170 |   407 |   733 |   277 ||  1725
Invok: Reject Sacrifices |       |       |     1 |     1 |       ||     2
       Sacrifice Love    |       |       |     1 |       |       ||     1
       Sacrifice Stealth |       |       |       |     1 |       ||     1
 Abil: Breathe Frost     |       |       |    13 |    22 |     1 ||    36
Evoke: Wand              |       |       |       |    19 |       ||    19
  Use: Potion            |       |     3 |       |     6 |     3 ||    12
       Scroll            |       |       |     4 |    19 |     1 ||    24
 Stab: Sleeping          |     4 |     2 |     8 |     6 |       ||    20
       Distracted        |       |       |       |     1 |       ||     1
       Paralysed         |       |       |       |     2 |       ||     2
  Eat: Chunk             |     2 |     6 |    10 |    29 |    20 ||    67
       Beef jerky        |       |       |     2 |     1 |       ||     3
       Meat ration       |       |       |     2 |     1 |     1 ||     4
       Fruit             |       |       |     1 |     1 |       ||     2
       Pizza             |       |       |       |     1 |       ||     1
       Royal jelly       |       |       |       |       |     1 ||     1
